 Dungeon Crawl Stone Soup version 0.29.1-2-gbd0b4ee654 (webtiles) character file.

Game seed: 12841777863652807282

74 safid the Shooter (level 4, -6/38 HPs)
             Began as a Minotaur Hunter on Nov 17, 2022.
             Mangled by a worm (10 damage)
             ... on level 1 of the Dungeon.
             The game lasted 00:01:44 (874 turns).

safid the Shooter (Minotaur Hunter)                  Turns: 874, Time: 00:01:44

Health: -6/38      AC:  3    Str: 15    XL:     4   Next: 9%
Magic:  3/3        EV: 12    Int:  6    God:
Gold:   92         SH:  0    Dex: 16    Spells: 3/3 levels left

rFire   . . .      SeeInvis .   a - +0 shortbow
rCold   . . .      Faith    .   (shield currently unavailable)
rNeg    . . .      Spirit   .   c - +0 leather armour
rPois   .          Reflect  .   (helmet restricted)
rElec   .          Harm     .   (no cloak)
rCorr   .          Rampage  .   (no gloves)
Will    .....                   (no boots)
Stlth   ++........              (no amulet)
HPRegen 0.12/turn               (no ring)
MPRegen 0.08/turn               (no ring)

@: no status effects
A: horns 2, retaliatory headbutt
a: no special abilities


You were on level 1 of the Dungeon.
You visited 1 branch of the dungeon, and saw 2 of its levels.

You collected 92 gold pieces.

Inventory:

Hand Weapons
 a - a +0 shortbow (weapon)
Armour
 c - a +0 leather armour (worn)
Jewellery
 g - a ring of protection from fire
Wands
 k - a wand of paralysis (8)
Scrolls
 b - a scroll of immolation
 f - 3 scrolls of identify {unknown}
 h - a scroll of amnesia {unknown}
 i - 2 scrolls of fear {unknown}
 j - a scroll of teleportation {unknown}
 l - a scroll of noise {unknown}
Potions
 d - a potion of heal wounds {unknown}
 e - a potion of curing {unknown}


   Skills:
 + Level 3.3 Fighting
 + Level 4.9 Ranged Weapons
 + Level 3.0 Dodging
 + Level 1.8 Stealth


You had 3 spell levels left.
You didn't know any spells.
Your spell library contained the following spells:

 Spells                   Type           Power      Damage    Failure   Level
 Ozocubu's Armour         Ice            0%         N/A       88%         3
 Ozocubu's Refrigeration  Ice            0%         4d7       100%        7


Dungeon Overview and Level Annotations

Branches:
Dungeon (2/15)

Altars:
Trog


Innate Abilities, Weirdness & Mutations

You have a pair of horns on your head.
You reflexively headbutt those who attack you in melee.


Message History

The gnoll is almost dead.
A kobold comes into view.
It is wielding the +8 short sword of Tomorrow {freeze, rF++ rC+ Str+7}.
The gnoll completely misses you. You furiously retaliate!
You headbutt the gnoll!
You kill the gnoll!
Your Dodging skill increases to level 3!
Fire: a) +0 shortbow
Press: ? - help, Q - select action, (/) - cycle Shift-Dir - straight line, f - gnoll
Aim: a gnoll, wielding a +0 flail (65% to hit)
You shoot an arrow. The arrow closely misses the gnoll.
The gnoll hits you with a +0 flail.
* * * LOW HITPOINT WARNING * * *
Unknown command.
Fire: a) +0 shortbow
Press: ? - help, Q - select action, (/) - cycle Shift-Dir - straight line, f/p - gnoll
Aim: a gnoll, wielding a +0 flail (65% to hit)
You shoot an arrow. The arrow hits the gnoll!
The gnoll is almost dead.
The gnoll hits you with a +0 flail!
* * * LOW HITPOINT WARNING * * *
Unknown command.
Fire: a) +0 shortbow
Press: ? - help, Q - select action, (/) - cycle Shift-Dir - straight line, f/p - gnoll
Aim: a gnoll, wielding a +0 flail (almost dead, 65% to hit)
You shoot an arrow. The arrow hits the gnoll.
You kill the gnoll!
You have reached level 4!
You feel agile.
A worm comes into view.
There is a stone staircase leading up here.
The worm closely misses you.
You climb upwards.
There is a stone staircase leading down here.
Fire: a) +0 shortbow
Press: ? - help, Q - select action, (/) - cycle Shift-Dir - straight line, f - worm
Aim: a worm (80% to hit)
You shoot an arrow. The arrow hits the worm.
The worm is moderately wounded.
The worm bites you!
You die...

#.....# #.##.....# ##....#
###.##.....#
########....######...##.....#
.......##......#......#######
.......##...##.#..###.#
.......##...##.#..#...#
.......#######...##.###
.......#########w##.#
..............##@##.#
.......######.#####.#
.......# #.# #.# .......# #.#
#.# .......# #.# #.# ########
#.#####.# #.......# #########


You could see a worm.

Vanquished Creatures
  4 gnolls (D:2)
  A dart slug (D:1)
  A ball python (D:1)
  6 endoplasms
  2 giant cockroaches (D:2)
  3 hobgoblins (D:2)
  3 jackals (D:2)
  4 bats
  2 frilled lizards (D:1)
  2 kobolds (D:2)
  5 rats
33 creatures vanquished.

Vanquished Creatures (others)
  4 plants (D:1)
  5 toadstools (D:1)
9 creatures vanquished.

Grand Total: 42 creatures vanquished

Notes
Turn   | Place    | Note
-------+----------+-------------------------------------------
     0 | D:1      | safid the Minotaur Hunter began the quest for the Orb.
     0 | D:1      | Reached XP level 1. HP: 18/18 MP: 0/0
   154 | D:1      | Reached skill level 1 in Stealth
   203 | D:1      | Reached XP level 2. HP: 25/25 MP: 1/1
   664 | D:2      | Found a bloodstained altar of Trog.
   710 | D:2      | Reached XP level 3. HP: 23/31 MP: 2/2
   861 | D:2      | Identified the +8 short sword of Tomorrow {freeze, rF++ rC+
                  | Str+7}
   865 | D:2      | Reached XP level 4. HP: 2/38 MP: 3/3
   874 | D:1      | Mangled by a worm

Illustrated notes

Levels and vault maps discovered:
D:1:      ldierk_walled_garden, layout_basic
D:2:      layout_rooms, basic_altar, due_unseen_surprise

Skill      XL: |  1  2  3 |
---------------+----------+-----
Stealth        | 1 |  1.8
Fighting       | 3 |  3.3
Dodging        | 3 |  3.0
Ranged Weapons | |  4.9

Action                   |  1- 3 |  4- 6 || total
-------------------------+-------+-------++-------
 Fire: Shortbow          |    79 |     1 ||    80
Armor: Leather armour    |    12 |       ||    12
Dodge: Dodged            |    31 |     1 ||    32
